 Dungeon Crawl Stone Soup version 0.30.1-3-gfc49f6343a (webtiles) character file.

Game seed: 7901987160349552223

30732 monsoonserge the Protected (level 13, -22/117 (122) HPs)
             Began as a Minotaur Fighter on Aug 5, 2023.
             Was an Elder of Ru.
             Annihilated by a titanic slime creature (59 damage)
             ... on level 13 of the Dungeon.
             The game lasted 00:45:14 (15433 turns).

monsoonserge the Protected (Minotaur Fighter)      Turns: 15433, Time: 00:45:15

HP:   -22/117 (122) AC: 20    Str: 31    XL:     13   Next: 22%
MP:   12/12         EV: 13    Int:  7    God:    Ru [****..]
Gold: 1102          SH: 15    Dex: 11    Spells: 12/12 levels left

rFire   . . .        J - +9 trident "Veobraum" {heavy, rN+ Int+2}
rCold   . . .        O - +0 kite shield
rNeg    + . .        M - +0 plate armour
rPois   .            a - +2 hat {Stlth+}
rElec   .            (no cloak)
rCorr   .            (no gloves)
SInv    .            L - +0 pair of boots
Will    .....        P - amulet of reflection Stlth
                     c - +5 ring of evasion
HPRegen 0.39/turn    r - +6 ring of strength
MPRegen 0.13/turn

%: reflection
@: exhausted, lightly drained
A: horns 2, inability to use devices, no air magic, no hexes magic, no
necromancy magic, missing an eye, retaliatory headbutt
a: Renounce Religion, Draw Out Power, Power Leap


You were on level 13 of the Dungeon.
You worshipped Ru.
Ru was greatly pleased with you.
You visited 3 branches of the dungeon, and saw 18 of its levels.

You collected 1102 gold pieces.

Inventory:

Hand Weapons
 J - the +9 trident "Veobraum" (weapon) {heavy, rN+ Int+2}
   (You found it on level 1 of the Lair of Beasts)

   Int:       It affects your intelligence (+2).
   rN:        It protects you from negative energy.
Missiles
 h - 11 boomerangs (quivered)
 y - 56 poisoned darts
 A - 4 silver boomerangs
 G - 6 atropa-tipped darts
Armour
 a - a +2 hat of stealth (worn)
 L - a +0 pair of boots (worn)
 M - a +0 plate armour (worn)
 N - +0 acid dragon scales
 O - a +0 kite shield (worn)
Jewellery
 c - a +5 ring of evasion (left hand)
 r - a +6 ring of strength (right hand)
 K - a ring of poison resistance
 P - an amulet of reflection (around neck)
Scrolls
 b - a scroll of immolation {unknown}
 e - 14 scrolls of identify {unknown}
 j - a scroll of butterflies {unknown}
 k - 3 scrolls of magic mapping {unknown}
 n - 4 scrolls of amnesia {unknown}
 q - 3 scrolls of poison {unknown}
 t - 10 scrolls of teleportation {unknown}
 v - 5 scrolls of enchant armour {unknown}
 w - 2 scrolls of noise {unknown}
 x - 2 scrolls of vulnerability {unknown}
 C - 3 scrolls of enchant weapon {unknown}
 F - 3 scrolls of fog {unknown}
 H - 4 scrolls of blinking {unknown}
 I - a scroll of fear {unknown}
Potions
 d - 2 potions of might
 f - 4 potions of degeneration {unknown}
 g - a potion of mutation {unknown}
 i - 9 potions of lignification {unknown}
 l - a potion of brilliance {unknown}
 m - 8 potions of curing
 o - 4 potions of attraction {unknown}
 p - a potion of berserk rage {unknown}
 s - 2 potions of magic {unknown}
 u - 3 potions of cancellation {unknown}
 z - a potion of flight {unknown}
 B - a potion of heal wounds {unknown}
 D - 2 potions of haste
 E - 2 potions of ambrosia {unknown}


   Skills:
 + Level 13.0 Fighting
 + Level 9.4(12.3) Axes
 - Level 12.7(14.0) Polearms
 + Level 4.7 Throwing
 + Level 14.9 Armour
 - Level 2.0 Dodging
 + Level 2.4 Stealth
 + Level 9.2 Shields


You had 12 spell levels left.
You didn't know any spells.
Your spell library contained the following spells:

 Spells                   Type           Power      Damage    Failure   Level
 Magic Dart               Conj           0%         1d3       98%         1
 Call Imp                 Summ           0%         N/A       99%         2
 Call Canine Familiar     Summ           0%         N/A       100%        3
 Ozocubu's Armour         Ice            0%         N/A       100%        3
 Ozocubu's Refrigeration  Ice            0%         4d7       100%        7
 Mephitic Cloud           Conj/Pois/Air  Unusable   N/A       N/A         3
 Portal Projectile        Hex/Tloc       Unusable   N/A       N/A         3
 Animate Dead             Necr           Unusable   N/A       N/A         4
 Leda's Liquefaction      Hex/Erth       Unusable   N/A       N/A         4
 Summon Lightning Spire   Summ/Air       Unusable   N/A       N/A         4
 Borgnjor's Vile Clutch   Necr/Erth      Unusable   N/A       N/A         5
 Death Channel            Necr           Unusable   N/A       N/A         6
 Storm Form               Tmut/Air       Unusable   N/A       N/A         7
 Maxwell's Capacitive Co  Air            Unusable   ∞         N/A         8

Dungeon Overview and Level Annotations

Branches:
Dungeon (13/15)            Temple (1/1) D:6            Lair (4/5) D:8
  Swamp (0/4) Lair:2        Snake (0/4) Lair:2          Orc (0/2) D:10
  Slime: Lair:4-5    Vaults: D:13-14

Altars:
Ashenzari
Cheibriados
Dithmenos
Elyvilon
Fedhas
Gozag
Hepliaklqana
Kikubaaqudgha
Makhleb
Nemelex Xobeh
Okawaru
Qazlal
Ru
Sif Muna
Trog
Uskayaw
Vehumet
Wu Jian
Xom
Yredelemnul
Zin
The Shining One

Shops:
D:2 :   D:3 [   D:4 [:   D:10 (


Innate Abilities, Weirdness & Mutations

You have a pair of horns on your head.
You cannot study or use magical devices.
You cannot study or cast Air magic.
You cannot study or cast Hexes magic.
You cannot study or cast Necromancy magic.
You are missing an eye, making it more difficult to aim.
You reflexively headbutt those who attack you in melee.


Message History

Press: ? - help, v - describe, . - travel A rock wall.
You perforate the enormous slime creature like a sieve!!!
You headbutt the enormous slime creature.
The enormous slime creature is severely wounded.
Two slime creatures merge to form a titanic slime creature.
A slime creature comes into view.
The titanic slime creature attacks as you move away!
The titanic slime creature hits you!!
Press: ? - help, v - describe, . - travel
Here: a titanic slime creature (heavily wounded)
The floor.
Okay, then.
You impale the titanic slime creature!!
The titanic slime creature is heavily wounded.
You puncture the titanic slime creature!
The titanic slime creature is severely wounded.
You redirect the titanic slime creature's attack!
The titanic slime creature hits the slime creature!!!!
The slime creature dies!
You hear a shout!
You catch the helpless titanic slime creature completely off-guard!
You puncture the titanic slime creature!
The titanic slime creature is severely wounded.
You hear a shout!
The titanic slime creature misses you.
You hear a shout! x3
You impale the titanic slime creature!!
The titanic slime creature is severely wounded.
The titanic slime creature hits you!!!!
Ouch! That really hurt!
* * * LOW HITPOINT WARNING * * *
You are restored by drawing out deep reserves of power within.
You feel drained.
The titanic slime creature completely misses you.
You impale the titanic slime creature!!
The titanic slime creature is almost dead.
The titanic slime creature hits you!!!
Ouch! That really hurt!
You die...

## +.#
.. #.
###
#.##<#
#.J@.#
######


You could see a titanic slime creature.

Vanquished Creatures
  Kirke (D:12)
  Josephine (D:12)
  A catoblepas (Lair:2)
  3 two-headed ogres
  3 boulder beetles
  An orc knight (D:9)
  Pikel (D:9)
  A lindwurm (Lair:1)
  An ugly thing (D:12)
  A manticore (D:11)
  3 black mambas
  A gargoyle (D:12)
  4 cane toads
  2 unseen horrors
  4 komodo dragons
  4 kobold demonologists
  4 trolls
  Grinder (D:4)
  A tarantella (Lair:1)
  5 blink frogs
  2 jumping spiders (Lair:1)
  2 wyverns
  3 shadows
  4 wraiths
  40 yaks
  Grum (D:9)
  3 hogs (D:12)
  A steam dragon (D:9)
  8 vampire mosquitoes (D:12)
  A redback (Lair:1)
  4 nagas (Lair:2)
  2 acid dragons
  17 water moccasins
  3 sky beasts
  An ice beast (D:6)
  3 orc warriors
  A black bear (Lair:1)
  3 ogres
  2 wolves (D:9)
  3 centaurs
  A lemure (D:9)
  7 kobold brigands
  A phantom (D:6)
  17 bullfrogs
  2 gnoll sergeants
  2 scorpions
  5 killer bees (D:11)
  6 howler monkeys
  3 lava snakes (Lair:1)
  5 orc priests
  2 hounds
  3 jellies
  A gnoll bouda (D:9)
  Jessica (D:2)
  8 orc wizards
  Robin (D:4)
  15 adders
  22 gnolls
  A shadow imp (D:5)
  A white imp (D:8)
  An ufetubus (D:4)
  A worm (D:2)
  A dart slug (D:2)
  41 orcs
  9 ball pythons
  4 bats
  6 endoplasms
  6 giant cockroaches
  12 goblins
  12 hobgoblins
  2 jackals (D:3)
  5 frilled lizards
  23 kobolds
  4 rats
378 creatures vanquished.

Vanquished Creatures (others)
  A slime creature (D:13)
  A wraith (D:12)
2 creatures vanquished.

Grand Total: 380 creatures vanquished

Notes
Turn   | Place    | Note
-------+----------+-------------------------------------------
     0 | D:1      | monsoonserge the Minotaur Fighter began the quest for the
                  | Orb.
     0 | D:1      | Reached XP level 1. HP: 19/19 MP: 0/0
   118 | D:1      | Reached XP level 2. HP: 27/27 MP: 1/1
   142 | D:1      | Found a faded altar of an unknown god.
   839 | D:2      | Noticed Jessica
   844 | D:2      | Killed Jessica
   845 | D:2      | Reached skill level 4 in Armour
   845 | D:2      | Reached XP level 3. HP: 24/33 MP: 2/2
   925 | D:2      | Reached XP level 4. HP: 40/40 MP: 3/3
  1122 | D:2      | Found Namam's Book Shop.
  1466 | D:3      | Reached skill level 5 in Armour
  1466 | D:3      | Reached XP level 5. HP: 42/47 MP: 4/4
  1852 | D:3      | Found Fouzasch Gone's Antique Armour Shop.
  1930 | D:3      | Found a blossoming altar of Fedhas.
  1932 | D:3      | Found a glowing golden altar of the Shining One.
  2041 | D:4      | Noticed Robin
  2133 | D:3      | Reached skill level 5 in Fighting
  2133 | D:3      | Reached skill level 5 in Axes
  2133 | D:3      | Reached XP level 6. HP: 37/56 MP: 5/5
  2215 | D:4      | Killed Robin
  2216 | D:4      | Reached skill level 1 in Dodging
  2269 | D:4      | Found Zuzedghith's Book Shop.
  2305 | D:3      | Found a shadowy altar of Dithmenos.
  2305 | D:3      | Found a sacrificial altar of Ru.
  2317 | D:3      | Became a worshipper of Ru the Awakened
  2559 | D:4      | Found Lihimely's Armour Shoppe.
  2636 | D:4      | Noticed Grinder
  2648 | D:4      | Killed Grinder
  2649 | D:4      | Reached XP level 7. HP: 52/61 MP: 6/6
  2716 | D:4      | Found a white marble altar of Elyvilon.
  2716 | D:4      | Found a broken altar of Ashenzari.
  2781 | D:4      | Reached skill level 6 in Armour
  2792 | D:4      | Found a burning altar of Makhleb.
  2906 | D:5      | Entered Level 5 of the Dungeon
  3493 | D:5      | Identified the +2 whip of Defence {antimagic, Dex+3}
  3882 | D:6      | Reached XP level 8. HP: 64/70 MP: 7/7
  3952 | D:6      | Reached skill level 7 in Armour
  3998 | D:6      | Gained mutation: You are missing an eye, making it more
                  | difficult to aim. [Ru sacrifice]
  3998 | D:6      | Reached * piety under Ru
  4004 | D:6      | Found a staircase to the Ecumenical Temple.
  4012 | Temple   | Entered the Ecumenical Temple
  4565 | D:6      | Reached skill level 1 in Stealth
  4877 | D:6      | Reached skill level 1 in Polearms
  5554 | D:6      | Reached skill level 8 in Armour
  5554 | D:6      | Reached XP level 9. HP: 64/79 MP: 8/8
  6222 | D:8      | Found a staircase to the Lair.
  6364 | D:8      | Noticed a two-headed ogre
  6374 | D:8      | Killed a two-headed ogre
  6375 | D:8      | Reached skill level 9 in Armour
  7013 | D:9      | Noticed a troll
  7018 | D:9      | HP: 2/81 [steam dragon (4)]
  7259 | D:9      | Killed a troll
  7367 | D:9      | Noticed Pikel
  7370 | D:9      | Gained mutation: You cannot study or cast Air magic. [Ru
                  | sacrifice]
  7370 | D:9      | Gained mutation: You cannot study or cast Hexes magic. [Ru
                  | sacrifice]
  7370 | D:9      | Gained mutation: You cannot study or cast Necromancy magic.
                  | [Ru sacrifice]
  7370 | D:9      | Reached ** piety under Ru
  7380 | D:9      | Killed Pikel
  7381 | D:9      | Reached skill level 1 in Throwing
  7381 | D:9      | Reached XP level 10. HP: 83/90 MP: 9/9
  7464 | D:9      | Found a radiant altar of Vehumet.
  7513 | D:9      | Reached skill level 5 in Shields
  7601 | D:9      | Noticed a two-headed ogre
  7610 | D:9      | Killed a two-headed ogre
  7611 | D:9      | Reached skill level 10 in Armour
  7730 | D:9      | Noticed Grum
  7765 | D:9      | Killed Grum
  8298 | D:10     | Entered Level 10 of the Dungeon
  8575 | D:10     | Found Ostiudgh's Weapon Shop.
  8575 | D:10     | Noticed an orc knight
  8577 | D:10     | Found a staircase to the Orcish Mines.
  8685 | Lair:1   | Entered Level 1 of the Lair of Beasts
  8718 | Lair:1   | Identified the +9 trident "Veobraum" {heavy, rN+ Int+2}
  8901 | Lair:1   | Reached skill level 11 in Armour
  8904 | Lair:1   | Reached skill level 10 in Polearms
  9088 | Lair:1   | Reached XP level 11. HP: 87/97 MP: 10/10
  9592 | Lair:1   | Found a runed translucent door.
  9986 | Lair:1   | Found a runed translucent gate.
  9995 | Lair:1   | Found a runed translucent gate.
  9996 | Lair:1   | Found a runed translucent gate.
  9996 | Lair:1   | Found a runed translucent gate.
  9996 | Lair:1   | Found a runed translucent gate.
  9996 | Lair:1   | Noticed a lindwurm
  9996 | Lair:1   | Noticed a boulder beetle
  9997 | Lair:1   | Found a runed translucent gate.
 10049 | Lair:2   | Noticed a boulder beetle
 10131 | Lair:2   | Noticed a catoblepas
 10138 | Lair:2   | Reached skill level 10 in Fighting
 10138 | Lair:2   | Reached skill level 1 in Evocations
 10143 | Lair:2   | Killed a catoblepas
 10225 | Lair:1   | Killed a boulder beetle
 10249 | Lair:1   | Killed a lindwurm
 10250 | Lair:1   | Reached skill level 12 in Armour
 10296 | Lair:1   | Gained mutation: You cannot study or use magical devices.
                  | [Ru sacrifice]
 10296 | Lair:1   | Reached *** piety under Ru
 10296 | Lair:1   | Reached **** piety under Ru
 10807 | Lair:2   | Found a staircase to the Snake Pit.
 11127 | Lair:2   | Found a staircase to the Swamp.
 11270 | Lair:2   | Killed a boulder beetle
 11271 | Lair:2   | Reached XP level 12. HP: 70/108 MP: 11/11
 12012 | Lair:3   | Noticed a boulder beetle
 12018 | Lair:3   | Killed a boulder beetle
 12117 | Lair:3   | Reached skill level 13 in Armour
 12678 | Lair:4   | Noticed a seven-headed hydra
 14155 | D:11     | Noticed a two-headed ogre
 14164 | D:11     | Killed a two-headed ogre
 14165 | D:11     | Reached skill level 14 in Armour
 14571 | D:12     | Noticed Josephine
 14578 | D:12     | Killed Josephine
 14715 | D:12     | Reached XP level 13. HP: 107/119 MP: 12/12
 15132 | D:12     | Noticed Kirke
 15149 | D:12     | Killed Kirke
 15433 | D:13     | Annihilated by a titanic slime creature

Illustrated notes

Levels and vault maps discovered:
D:1:      sevenhm_arrival_forest_fort_small_3, layout_basic,
          shapermc_ecumenical_altar_mp_urbaneastern, minmay_misc_feat_pillars,
          supply_closet_lemuel, minmay_pentomino_r4
D:2:      layout_rooms, serial_shops, nicolae_shop_waterfront,
          grunt_ministairs_6, uniq_jessica
D:3:      layout_loops_ring, nicolae_overflow_hidden_temple, serial_shops,
          nicolae_shop_overgrown_old_shop, serial_bayou_pond_a
D:4:      layout_rooms, bloody_makhleb, nicolae_overflow_two_pavilions,
          serial_shops, nicolae_shop_tiny_waterfront,
          nicolae_shop_rolling_square, grunt_ministairs_2,
          hangedman_decor_clover_reticule, minmay_gold_behind_fungi,
          minmay_misc_feat_enclosed, uniq_robin, uniq_grinder
D:5:      layout_loops_cross
D:6:      layout_loops_cross, minmay_temple_entry_junction
D:7:      layout_basic
D:8:      layout_rooms, lair_entry_dummy
D:9:      layout_big_octagon, mainiacjoe_overflow_alcove_2, uniq_pikel,
          uniq_grum
D:10:     layout_cave_pods, orc_david_3, special_room [special_room_orc]
D:11:     layout_loops_ring, grunt_ministairs_9
D:12:     layout_loops_ring, uniq_josephine, uniq_kirke
D:13:     layout_basic, hangedman_vaults_entry_quadrant_bands, serial_shops,
          shop, kennysheep_little_box, shop, minivault_14,
          dreamdust_princess_corridor, hellmonk_bongcloud_opening, uniq_rupert,
          uniq_lodul
Temple:   nicolae_temple_two_arcs
Lair:1:   gammafunk_indiana_jones, layout_gridlike, beast_lair_carwin_7
Lair:2:   layout_regular_city, swamp_mist, guppyfry_snake_entry_garden,
          chequers_serial_rivers_small_b
Lair:3:   layout_cave_shapes
Lair:4:   layout_cave_pods, slime_entry_1, serial_bayou_lagoon_a,
          grunt_megastairs_4, infiniplex_staircase_pool_2

Skill      XL: |  1  2  3  4  5  6  7  8  9 10 11 12 13 |
---------------+----------------------------------------+-----
Fighting       | 4 5 6 7 8 9 10 12 13 | 13.0
Axes           | 3 4 5 6 8 9 |  9.4
Armour         | 4 5 6 8 9 11 12 14 | 14.9
Shields        | 4 5 7 8 9 |  9.2
Dodging        | 1 2 |  2.0
Stealth        | 1 2 |  2.4
Polearms       | 2 7 10 12 | 12.7
Throwing       | 1 3 4 |  4.7
Evocations     | 0 |  0.0

Action                     |  1- 3 |  4- 6 |  7- 9 | 10-12 | 13-15 || total
---------------------------+-------+-------+-------+-------+-------++-------
  Melee: War axe           |    53 |   121 |   131 |       |       ||   305
         Headbutt          |     3 |     9 |    43 |    70 |    16 ||   141
         Trident           |       |       |   206 |   551 |   108 ||   865
  Throw: Boomerang         |       |     3 |     4 |     1 |       ||     8
         Dart              |       |       |       |    24 |       ||    24
 Invoke: Sacrifice an Eye  |       |       |     1 |       |       ||     1
         Sacrifice Arcana  |       |       |     1 |       |       ||     1
         Sacrifice Artific |       |       |       |     1 |       ||     1
         Reject Sacrifices |       |       |       |     1 |       ||     1
         Draw Out Power    |       |       |       |       |     1 ||     1
  Evoke: Wand              |       |       |       |    11 |       ||    11
    Use: Potion            |       |       |     4 |     1 |       ||     5
   Stab: Distracted        |       |       |       |     2 |     1 ||     3
         Petrifying        |       |       |       |     2 |       ||     2
 Armour: Scale mail        |    18 |    68 |   167 |       |       ||   253
         Chain mail        |       |       |       |   131 |       ||   131
         Plate armour      |       |       |       |    56 |    15 ||    71
  Dodge: Dodged            |    20 |    77 |   143 |   169 |    29 ||   438
  Block: Buckler           |    16 |    26 |    67 |    74 |       ||   183
         Kite shield       |       |       |       |    42 |    30 ||    72
         Reflection        |       |       |       |     5 |       ||     5
